 Dungeon Sprint DCSS version bcrawl-1.19.2-6-g6a88ae04c9 (webtiles) character file.

Game seed: 17308877851803446035

257 pasperui the Nimble (level 6, -2/52 HPs)
             Began as a Naga Sloth Apostle on Jan 2, 2020.
             Was a High Priest of Cheibriados.
             Killed by divine providence
             ... invoked by an orc priest
              (15 damage)
             ... in the Dungeon (Sprint VII: "The Pits").
             The game lasted 00:03:09 (743 turns).

pasperui the Nimble (Naga Sloth Apostle)             Turns: 743, Time: 00:03:09

Health: -2/52      AC:  9    Str: 29    XL:     6   Next: 16%
Magic:  7/7        EV: 12    Int: 24    God:    Cheibriados [*****.]
Gold:   0          SH: 12    Dex: 22    Spells: 6/7 levels left

rFire    . . .     SeeInvis +   w - +2 long sword (flame)
rCold    . . .     Gourm    .   c - +0 shield
rNeg     . . .     Faith    .   u - +3 scale mail
rPois    +         Spirit   .   (no helmet)
rElec    .         Reflect  .   (no cloak)
rCorr    .         Harm     .   (no gloves)
MR       .....     NoTele   +   (no barding)
Stlth    ++........             (no amulet)
HPRegen  0.17/turn              (no ring)
MPRegen  0.10/turn              (no ring)

@: very slow
A: large, see invisible, deformed body, poison resistance, slowness 2, slow
metabolism 1, spit poison 1, AC +2
a: Spit Poison, Bend Time, Temporal Distortion, Slouch, Step From Time, Renounce
Religion


You were in the Dungeon.
You worshipped Cheibriados.
Cheibriados was extremely pleased with you.
You were not hungry.

You visited 1 branch

Inventory:

Hand Weapons
 w - a +2 long sword of flaming (weapon)
 x - a +2 dagger of venom
Missiles
 s - 10 stones (quivered)
Armour
 b - a +0 robe
 c - a +0 shield (worn)
 u - a +3 scale mail (worn)
 v - a +3 chain mail
Magical Staves
 t - an uncursed staff of energy
Wands
 d - a wand of paralysis (10)
Scrolls
 k - a scroll of blinking
 o - 2 scrolls of vulnerability
 p - 3 scrolls of remove curse
 q - 5 scrolls of amnesia
 r - a scroll of summoning
Potions
 a - 2 potions of invisibility
 e - 6 potions of curing
 g - 6 potions of heal wounds
 h - a potion of haste
 i - 4 potions of magic
 j - 3 potions of berserk rage
Comestibles
 f - 9 rations {!d}


   Skills:
 - Level 2.0 Fighting
 - Level 4.4 Long Blades
 - Level 5.1 Armour
 - Level 8.1 Dodging
 - Level 4.8 Stealth
 * Level 1.5 Shields
 - Level 1.0 Spellcasting
 - Level 1.0 Hexes
 - Level 1.0 Evocations


You had 6 spell levels left.
You knew the following spells:

 Your Spells              Type           Power        Failure   Level  Hunger
a - Slow                  Hex            #.......     65%         1    ##.....
Your spell library was empty.

Dungeon Overview and Level Annotations

Branches:
Dungeon (1/1)

Altars:
Ashenzari
Cheibriados
Dithmenos
Elyvilon
Fedhas
Gozag
Hepliaklqana
Kikubaaqudgha
Lugonu
Makhleb
Nemelex Xobeh
Okawaru
Qazlal
Ru
Sif Muna
Trog
Uskayaw
Vehumet
Wu Jian
Xom
Yredelemnul
Zin
The Shining One
Beogh
Jiyva


Innate Abilities, Weirdness & Mutations

You cannot wear boots.
Your serpentine skin is tough. (AC +2)
You have supernaturally acute eyesight. (SInv)
Armour fits poorly on your strangely shaped body.
Your system is resistant to poisons. (rPois)
You cover ground very slowly.
You have a slow metabolism.
You can spit poison.


Message History

The orc priest invokes the aid of Beogh against you.
Beogh smites you!
There is an open door here.
You closely miss the orc priest.
The orc priest invokes the aid of Beogh against you.
Beogh smites you!
You hit the orc priest but do no damage.
You hit the orc priest. You burn the orc priest.
The orc priest is heavily wounded.
You block the orc priest's attack.
You barely miss the orc priest.
The orc priest is heavily wounded.
The orc priest calls down the wrath of Beogh upon you.
Beogh smites you!
* * * LOW HITPOINT WARNING * * *
You hit the orc priest. You burn the orc priest.
The orc priest is heavily wounded.
The orc priest calls down the wrath of Beogh upon you.
Beogh smites you!
You die...

#.#..#.))).##.......#
#'###########.......#
#.รท.....# #########
#.......# #...#...#
#..###..# #...#...#
#.......#+#
#.......@o#
###########


You could see an orc priest.

Vanquished Creatures
  A water moccasin (D)
  A phantom (D)
  A hound (D)
  A worker ant (D)
  An ooze (D)
  A bat zombie (D)
  A goblin (D)
  A hobgoblin (D)
  2 ball pythons (D)
  A bat (D)
  A giant cockroach zombie (D)
  2 kobolds (D)
  A leopard gecko skeleton (D)
15 creatures vanquished.

Notes
Turn   | Place    | Note
-------+----------+-------------------------------------------
     0 | D        | pasperui the Naga Sloth Apostle began the quest for the
                  | Orb.
     0 | D        | Reached XP level 1. HP: 19/19 MP: 2/2
    54 | D        | Found a glowing golden altar of the Shining One.
    54 | D        | Found a glowing silver altar of Zin.
    54 | D        | Found a basalt altar of Yredelemnul.
    54 | D        | Found a shimmering altar of Xom.
    54 | D        | Found an ornate altar of the Wu Jian Council.
    54 | D        | Found a bloodstained altar of Trog.
    54 | D        | Found a shimmering blue altar of Sif Muna.
    54 | D        | Found a sacrificial altar of Ru.
    54 | D        | Found a stormy altar of Qazlal.
    54 | D        | Found an iron altar of Okawaru.
    54 | D        | Found a sparkling altar of Nemelex Xobeh.
    54 | D        | Found a burning altar of Makhleb.
    54 | D        | Found a viscous altar of Jiyva.
    54 | D        | Found a hazy altar of Hepliaklqana.
    54 | D        | Found an opulent altar of Gozag.
    54 | D        | Found a blossoming altar of Fedhas.
    54 | D        | Found a white marble altar of Elyvilon.
    54 | D        | Found a shadowy altar of Dithmenos.
    54 | D        | Found a snail-covered altar of Cheibriados.
    56 | D        | Found a corrupted altar of Lugonu.
    56 | D        | Found a radiant altar of Vehumet.
    56 | D        | Found a roughly hewn altar of Beogh.
    57 | D        | Found an ancient bone altar of Kikubaaqudgha.
    57 | D        | Found a hide-covered altar of Uskayaw.
    57 | D        | Found a shattered altar of Ashenzari.
    80 | D        | Reached * piety under Cheibriados
   136 | D        | Reached ** piety under Cheibriados
   252 | D        | Reached *** piety under Cheibriados
   259 | D        | Reached XP level 2. HP: 24/26 MP: 3/3
   343 | D        | Reached **** piety under Cheibriados
   343 | D        | Reached XP level 3. HP: 26/32 MP: 4/4
   346 | D        | Reached skill level 5 in Armour
   346 | D        | Reached XP level 4. HP: 24/39 MP: 5/5
   500 | D        | Noticed a water moccasin
   500 | D        | Noticed a phantom
   510 | D        | Killed a water moccasin
   510 | D        | Reached skill level 6 in Dodging
   510 | D        | Reached XP level 5. HP: 27/45 MP: 6/6
   512 | D        | Reached ***** piety under Cheibriados
   732 | D        | Killed a phantom
   732 | D        | Reached skill level 8 in Dodging
   732 | D        | Reached XP level 6. HP: 46/52 MP: 7/7
   743 | D        | Killed from afar by an orc priest

Skill      XL: |  1  2  3  4  5 |
---------------+----------------+-----
Long Blades    | 4 |  4.4
Armour         | 4 5 |  5.1
Dodging        | 6 8 |  8.1
Fighting       | |  2.0
Stealth        | |  4.8
Shields        | |  1.5
Spellcasting   | |  1.0
Hexes          | |  1.0
Evocations     | |  1.0

Action                   |  1- 3 |  4- 6 || total
-------------------------+-------+-------++-------
Melee: Falchion          |    21 |       ||    21
       Long sword        |     8 |    39 ||    47
 Abil: Spit Poison       |     3 |     2 ||     5
 Stab: Sleeping          |     1 |       ||     1
Armor: Robe              |     3 |       ||     3
       Scale mail        |     1 |    10 ||    11
Dodge: Dodged            |     2 |     6 ||     8
Block: Shield            |    12 |    21 ||    33
